Blue Jackets vs Predators

Created - 7 octobre 2015 at 23:34

Goals
1 2 3 T
Blue Jackets 1 1 0 2
Predators 2 5 1 8
Shots
1 2 3 T
Blue Jackets 9 8 13 30
Predators 9 13 12 34

1st period

1. Predators , Vitali Yachmenev 2 (Josef Vasicek, John Moore) at 13:53
2. Predators , Joe Thornton 3 (Alexander Ovechkin) at 14:23 (PP)
3. Blue Jackets , Pavel Bure 1 (Marcus Nilson, David Booth) at 17:16 (PP)

Penalties :
Cory Emmerton (Clb) for High sticking (Minor) at 1:57, Brendan Bell (Nas) for Holding (Minor) at 6:29, Vitali Yachmenev (Nas) for Roughing (Minor) at 10:01, Jan Bulis (Clb) for Hooking (Minor) at 14:17, Ramzi Abid (Clb) for Hooking (Minor) at 15:09, Barret Jackman (Nas) for Interference (Minor) at 15:18

2nd period

4. Blue Jackets , Jan Bulis 1 (Pavel Bure) at 0:33
5. Predators , Joe Thornton 4 (Alexander Ovechkin) at 0:39
6. Predators , Josef Vasicek 1 (Brendan Bell) at 7:20
7. Predators , James Van Riemsdyk 1 (Josef Vasicek, Vitali Yachmenev) at 8:33
8. Predators , Alexander Ovechkin 1 (Joe Thornton, Oleg Saprykin) at 11:36
9. Predators , Kris Vernarsky 2 (Brad Boyes, Kari Lehtonen) at 12:17 (PP)

Penalties :
Branislav Mezei (Clb) for Tripping (Minor) at 0:49, Pavel Bure (Clb) for Roughing (Minor) at 11:39

3rd period

10. Predators , Oleg Saprykin 1 (Andy Miele) at 4:57

Penalties :
Joe Thornton (Nas) for Hooking (Minor) at 1:09, Kevin Bieksa (Clb) for High sticking (Minor) at 16:27, David Booth (Clb) for Hooking (Minor) at 19:38

Goalie Stats

Mathieu Garon (Clb), 7 saves from 11 shots - (0,636), 17:37 minutes
Rick DiPietro (Clb), 19 saves from 23 shots - (0,826), L, 0-2-0, 42:23 minutes
Kari Lehtonen (Nas), 28 saves from 30 shots - (0,933), W, 2-0-0, 60:00 minutes

Players Stats for Blue Jackets

Player Name              G  A  P  +/- PIM S  H  SB GA TA FO     MP     PP MP  PK MP  
------------------------------------------------------------------------------------
Adam Deadmarsh           0  0  0   0  0   1  0  0  1  1  0/0     7:09   0:10   0:00 
Brad Stuart              0  0  0  -1  0   0  0  2  0  0  0/0    13:23   0:00   0:46 
Branislav Mezei          0  0  0  -2  2   1  1  2  1  0  0/0    27:33   3:42   3:47 
Chris Kelly              0  0  0  -3  0   2  2  0  1  0  5/5    12:12   0:00   1:57 
Cory Emmerton            0  0  0  -2  2   2  1  1  0  0  9/27   17:42   3:18   0:00 
Dave Steckel             0  0  0   0  0   0  1  1  0  0  1/4     8:08   0:00   1:40 
David Booth              0  1  1  -2  2   4  2  0  0  0  6/9    22:31   3:21   3:34 
François Beauchemin      0  0  0  -2  0   0  2  1  0  0  0/0    18:25   2:23   1:59 
Greg Zanon               0  0  0  -2  0   1  3  1  0  0  0/0    18:31   2:23   2:04 
Jan Bulis                1  0  1   0  2   3  1  0  0  1  10/18  16:37   2:37   0:00 
Jason Ward               0  0  0  -3  0   2  2  0  0  0  0/0    10:29   0:10   0:00 
Jeff Taffe               0  0  0   0  0   0  1  0  0  0  0/0     7:47   0:00   1:19 
Kevin Bieksa             0  0  0  -2  2   3  2  3  2  2  0/0    27:20   3:42   3:35 
Marcus Nilson            0  1  1   0  0   2  1  2  0  0  0/0    18:58   2:37   1:57 
Mike Commodore           0  0  0  -1  0   0  1  1  0  0  0/0    14:48   0:00   2:11 
Patric Hornqvist         0  0  0  -2  0   5  2  2  2  0  1/3    22:51   3:25   3:55 
Pavel Bure               1  1  2   0  2   2  4  1  0  0  0/1    16:37   2:37   0:00 
Ramzi Abid               0  0  0  -3  2   2  0  0  0  0  0/0     9:51   0:00   0:00 

Players Stats for Predators

Player Name              G  A  P  +/- PIM S  H  SB GA TA FO     MP     PP MP  PK MP  
------------------------------------------------------------------------------------
Adam Almquist            0  0  0   3  0   0  0  0  1  1  0/0    12:15   0:00   0:00 
Alexander Edler          0  0  0  -1  0   2  1  0  0  0  0/0    25:51   4:20   2:33 
Alexander Ovechkin       1  2  3   2  0   5  6  0  1  0  0/1    22:24   4:09   1:55 
Alexander Steen          0  0  0  -1  0   3  1  2  0  1  0/0    16:37   3:02   0:00 
Andy Miele               0  1  1   1  0   0  2  0  0  0  0/1     6:19   0:00   0:00 
Barret Jackman           0  0  0   3  2   0  1  1  0  0  0/0    21:22   2:50   3:32 
Brad Boyes               0  1  1  -1  0   1  0  0  0  0  0/1    16:01   3:02   0:00 
Brendan Bell             0  1  1   3  2   1  1  0  0  1  0/0    18:02   2:51   0:00 
James Van Riemsdyk       1  0  1   3  0   3  1  0  0  1  0/0    10:07   0:00   0:00 
Joe Thornton             2  1  3   2  2   5  1  0  1  1  25/43  22:44   4:09   2:18 
John Moore               0  1  1   3  0   0  1  1  0  0  0/0    14:58   0:00   2:25 
Josef Vasicek            1  2  3   3  0   6  1  0  0  0  3/6    12:42   0:00   2:27 
Kris Vernarsky           1  0  1  -1  0   5  0  0  0  1  5/10   16:38   3:02   0:03 
Michael Grabner          0  0  0   2  0   1  2  0  0  0  1/2    19:22   4:09   0:00 
Oleg Saprykin            1  1  2   1  0   1  2  0  0  0  0/0    10:32   0:00   3:47 
Ryan Mcdonagh            0  0  0  -1  0   0  3  0  1  0  0/0    27:38   4:20   3:40 
Vaclav Varada            0  0  0   1  0   0  0  1  0  1  0/0     6:19   0:00   0:00 
Vitali Yachmenev         1  1  2   3  2   1  5  0  0  0  1/3    12:10   0:00   1:40 

3 Stars

1 - Alexander Ovechkin (Nas)
2 - Josef Vasicek (Nas)
3 - Joe Thornton (Nas)

Power Play

Blue Jackets - 1 on 4 Attempt(s) - 25,00%
Predators - 2 on 7 Attempt(s) - 28,57%

Penalty Kill

Blue Jackets - 5 on 7 Attempt(s) - 71,43% - Score 0 goal in Penalty Kill
Predators - 3 on 4 Attempt(s) - 75,00% - Score 0 goal in Penalty Kill

Team Stat

Blue Jackets - Hits : 26 - Faceoff Wins : 32 - Blocked Shots : 17 - Penalty Minutes : 14
Predators - Hits : 28 - Faceoff Wins : 35 - Blocked Shots : 5 - Penalty Minutes : 8

Official

Referees : Charron Francis and Walkom Stephen
Linesman : Mike Cvik and Tim Nowak

Game Notes

Mathieu Garon enters game at 7:20 of 2nd period
Rick DiPietro enters game at 4:57 of 3rd period

Finance

Level 1 -- Attendance: 4764 (79,40%) -- Ticket Income 452 580 $
Level 2 -- Attendance: 3841 (76,82%) -- Ticket Income 226 619 $
Level 3 -- Attendance: 1365 (68,25%) -- Ticket Income 53 235 $
Level 4 -- Attendance: 2441 (61,03%) -- Ticket Income 70 789 $
Luxury Box -- Attendance: 747 (74,70%) -- Ticket Income 148 653 $
Game was played at the Wildcat center'
Total Attendance: 13158 (73,10%)
Total Ticket Income: 951 876 $
Other Income: 142 781 $
Total Income: 1 094 657 $

Blue Jackets

5 vs 5 Forward 
   Center                   Left Wing                Right Wing               Time % Phy DF OF 
 1 Jan Bulis                Marcus Nilson            Pavel Bure               35     1   2  2  
 2 Cory Emmerton            David Booth              Patric Hornqvist         35     1   2  2  
 3 Chris Kelly              Ramzi Abid               Jason Ward               20     1   2  2  
 4 Dave Steckel             Jeff Taffe               Adam Deadmarsh           10     1   2  2  

5 vs 5 Defense 
   Defense                  Defense                                           Time % Phy DF OF 
 1 Branislav Mezei          Kevin Bieksa                                      40     1   2  2  
 2 Greg Zanon               François Beauchemin                               30     1   2  2  
 3 Brad Stuart              Mike Commodore                                    20     1   2  2  
 4 Branislav Mezei          Kevin Bieksa                                      10     1   2  2  

PowerPlay Forward 
   Center                   Left Wing                Right Wing               Time % Phy DF OF 
 1 Cory Emmerton            David Booth              Patric Hornqvist         60     1   2  2  
 2 Jan Bulis                Marcus Nilson            Pavel Bure               40     1   2  2  

PowerPlay Defense
   Defense                  Defense                                           Time % Phy DF OF 
 1 Branislav Mezei          Kevin Bieksa                                      60     1   2  2  
 2 Greg Zanon               François Beauchemin                               40     1   2  2  

Penalty Kill 4 Players Forward 
   Center                   Wing                     Time % Phy DF OF 
 1 David Booth              Patric Hornqvist         60     1   2  2  
 2 Marcus Nilson            Chris Kelly              40     1   2  2  

Penalty Kill 4 Players Defense
   Defense                  Defense                  Time % Phy DF OF 
 1 Branislav Mezei          Kevin Bieksa             60     1   2  2  
 2 Greg Zanon               François Beauchemin      40     1   2  2  

Penalty Kill - 3 Players Forward 
   Forward                                           Time % Phy DF OF 
 1 David Booth                                       60     1   2  2  
 2 Patric Hornqvist                                  40     1   2  2  

Penalty Kill - 3 Players Defense
   Defense                  Defense                  Time % Phy DF OF 
 1 Branislav Mezei          Kevin Bieksa             60     1   2  2  
 2 Greg Zanon               François Beauchemin      40     1   2  2  

4 vs 4 Forward 
   Center                   Wing                     Time % Phy DF OF 
 1 David Booth              Patric Hornqvist         60     1   2  2  
 2 Marcus Nilson            Chris Kelly              40     1   2  2  

4 vs 4 Defense
   Defense                  Defense                  Time % Phy DF OF 
 1 Branislav Mezei          Kevin Bieksa             60     1   2  2  
 2 Greg Zanon               François Beauchemin      40     1   2  2  

Last Minutes Offensive
   Center                   Left Wing                Right Wing               Defense                  Defense                  
   Chris Kelly              David Booth              Patric Hornqvist         Branislav Mezei          Kevin Bieksa             

Last Minutes Defensive
   Center                   Left Wing                Right Wing               Defense                  Defense                  
   Chris Kelly              David Booth              Patric Hornqvist         Branislav Mezei          Kevin Bieksa             

Goaltenders
Starting : Rick DiPietro            
Backup : Mathieu Garon            

Extra Forwards
Normal : Jason Ward, Adam Deadmarsh, Dave Steckel - PP : Jason Ward, Adam Deadmarsh - PK : Dave Steckel
Extra Defensemen
Normal : Brad Stuart, Mike Commodore, Greg Zanon - PP : Brad Stuart - PK : Mike Commodore, Greg Zanon
Penalty Shots
David Booth, Patric Hornqvist, Marcus Nilson, Chris Kelly, Pavel Bure

Predators

5 vs 5 Forward 
   Center                   Left Wing                Right Wing               Time % Phy DF OF 
 1 Joe Thornton             Alexander Ovechkin       Michael Grabner          40     1   2  2  
 2 Kris Vernarsky           Alexander Steen          Brad Boyes               30     1   2  2  
 3 Josef Vasicek            James Van Riemsdyk       Vitali Yachmenev         20     1   2  2  
 4 Andy Miele               Oleg Saprykin            Vaclav Varada            10     1   2  2  

5 vs 5 Defense 
   Defense                  Defense                                           Time % Phy DF OF 
 1 Alexander Edler          Ryan Mcdonagh                                     40     1   2  2  
 2 Brendan Bell             Barret Jackman                                    30     1   2  2  
 3 Adam Almquist            John Moore                                        20     1   2  2  
 4 Alexander Edler          Ryan Mcdonagh                                     10     1   2  2  

PowerPlay Forward 
   Center                   Left Wing                Right Wing               Time % Phy DF OF 
 1 Joe Thornton             Alexander Ovechkin       Michael Grabner          60     1   2  2  
 2 Kris Vernarsky           Alexander Steen          Brad Boyes               40     1   2  2  

PowerPlay Defense
   Defense                  Defense                                           Time % Phy DF OF 
 1 Alexander Edler          Ryan Mcdonagh                                     60     1   2  2  
 2 Brendan Bell             Barret Jackman                                    40     1   2  2  

Penalty Kill 4 Players Forward 
   Center                   Wing                     Time % Phy DF OF 
 1 Joe Thornton             Oleg Saprykin            60     1   2  2  
 2 Josef Vasicek            Vitali Yachmenev         40     1   2  2  

Penalty Kill 4 Players Defense
   Defense                  Defense                  Time % Phy DF OF 
 1 Ryan Mcdonagh            Barret Jackman           60     1   2  2  
 2 Alexander Edler          John Moore               40     1   2  2  

Penalty Kill - 3 Players Forward 
   Forward                                           Time % Phy DF OF 
 1 Alexander Ovechkin                                60     1   2  2  
 2 Joe Thornton                                      40     1   2  2  

Penalty Kill - 3 Players Defense
   Defense                  Defense                  Time % Phy DF OF 
 1 Ryan Mcdonagh            Barret Jackman           60     1   2  2  
 2 Alexander Edler          John Moore               40     1   2  2  

4 vs 4 Forward 
   Center                   Wing                     Time % Phy DF OF 
 1 Joe Thornton             Alexander Ovechkin       60     1   2  2  
 2 Kris Vernarsky           Alexander Steen          40     1   2  2  

4 vs 4 Defense
   Defense                  Defense                  Time % Phy DF OF 
 1 Alexander Edler          Ryan Mcdonagh            60     1   2  2  
 2 Brendan Bell             Barret Jackman           40     1   2  2  

Last Minutes Offensive
   Center                   Left Wing                Right Wing               Defense                  Defense                  
   Joe Thornton             Alexander Ovechkin       Brad Boyes               Alexander Edler          Ryan Mcdonagh            

Last Minutes Defensive
   Center                   Left Wing                Right Wing               Defense                  Defense                  
   Josef Vasicek            Oleg Saprykin            Vitali Yachmenev         Ryan Mcdonagh            Barret Jackman           

Goaltenders
Starting : Kari Lehtonen            
Backup : Steve Mason              

Extra Forwards
Normal : Kris Vernarsky, Oleg Saprykin, Vitali Yachmenev - PP : Kris Vernarsky, Oleg Saprykin - PK : Vitali Yachmenev
Extra Defensemen
Normal : John Moore, Adam Almquist, Brendan Bell - PP : John Moore - PK : Adam Almquist, Brendan Bell
Penalty Shots
Alexander Ovechkin, Joe Thornton, Alexander Steen, Brad Boyes, Josef Vasicek

% Time on Ice - Blue Jackets

Lines # - Real PCT - Wanted PCT - Time Play
Normal Forward
1 - 32% - 35% - 14:20
2 - 32% - 35% - 14:15
3 - 22% - 20% - 9:52
4 - 14% - 10% - 6:27
Normal Defense
1 - 39% - 40% - 17:30
2 - 30% - 30% - 13:30
3 - 28% - 20% - 12:36
4 - 3% - 10% - 1:18
PP Forward
1 - 57% - 60% - 3:28
2 - 43% - 40% - 2:37
PP Defense
1 - 61% - 60% - 3:42
2 - 39% - 40% - 2:23
PK Forward
1 - 73% - 60% - 5:14
2 - 27% - 40% - 1:57
PK Defense
1 - 75% - 60% - 5:22
2 - 25% - 40% - 1:49
PK3 Forward
1 - 0% - 60%
2 - 0% - 40%
PK3 Defense
1 - 0% - 60%
2 - 0% - 40%
44 Forward
1 - 80% - 60% - 1:28
2 - 20% - 40% - 0:22
44 Defense
1 - 70% - 60% - 1:17
2 - 30% - 40% - 0:33
Last Minute Offensive  - 0:00
Last Minute Defensive  - 0:00
Total
Forward - 60:00
Defense - 60:00

% Time on Ice - Predators

Lines # - Real PCT - Wanted PCT - Time Play
Normal Forward
1 - 34% - 40% - 15:22
2 - 29% - 30% - 13:06
3 - 23% - 20% - 10:07
4 - 14% - 10% - 6:19
Normal Defense
1 - 40% - 40% - 18:06
2 - 32% - 30% - 14:20
3 - 27% - 20% - 12:02
4 - 1% - 10% - 0:26
PP Forward
1 - 58% - 60% - 4:09
2 - 42% - 40% - 3:02
PP Defense
1 - 60% - 60% - 4:20
2 - 40% - 40% - 2:51
PK Forward
1 - 83% - 60% - 5:02
2 - 17% - 40% - 1:03
PK Defense
1 - 60% - 60% - 3:40
2 - 40% - 40% - 2:25
PK3 Forward
1 - 0% - 60%
2 - 0% - 40%
PK3 Defense
1 - 0% - 60%
2 - 0% - 40%
44 Forward
1 - 83% - 60% - 1:31
2 - 17% - 40% - 0:19
44 Defense
1 - 60% - 60% - 1:06
2 - 40% - 40% - 0:44
Last Minute Offensive  - 0:00
Last Minute Defensive  - 0:00
Total
Forward - 60:00
Defense - 60:00

Play by Play

1st period


0:01 of 1st period - Joe Thornton wins face-off versus Jan Bulis in neutral zone.
0:30 of 1st period - Snap shot by James Van Riemsdyk.
0:30 of 1st period - Shot Blocked by Kevin Bieksa.
0:32 of 1st period - Slapshot by Josef Vasicek.
0:32 of 1st period - Shot Misses the Net.
0:34 of 1st period - Wrist shot by Josef Vasicek.
0:34 of 1st period - Stopped by Rick DiPietro with a rebound.
0:49 of 1st period - Slapshot by Kevin Bieksa.
0:49 of 1st period - Deflect By Barret Jackman.
0:49 of 1st period - Stopped by Kari Lehtonen with a rebound.
1:16 of 1st period - Off-side.
1:17 of 1st period - Dave Steckel wins face-off versus Joe Thornton in neutral zone.
1:57 of 1st period - Minor Penalty to Cory Emmerton for High sticking.
1:58 of 1st period - David Booth wins face-off versus Joe Thornton in Blue Jackets zone.
3:57 of 1st period - Penalty to Cory Emmerton is over, Cory Emmerton is back on ice.
4:04 of 1st period - Dave Steckel is hit by Vitali Yachmenev and loses puck.
5:11 of 1st period - Wrist shot by Patric Hornqvist.
5:11 of 1st period - Stopped by Kari Lehtonen without a rebound.
5:12 of 1st period - Joe Thornton wins face-off versus Patric Hornqvist in Predators zone.
5:12 of 1st period - Joe Thornton is hit by David Booth.
5:57 of 1st period - Snap shot by James Van Riemsdyk.
5:57 of 1st period - Shot Misses the Net.
5:59 of 1st period - Wrist shot by Josef Vasicek.
5:59 of 1st period - Stopped by Rick DiPietro with a rebound.
6:07 of 1st period - Snap shot by James Van Riemsdyk.
6:07 of 1st period - Stopped by Rick DiPietro with a rebound.
6:29 of 1st period - Minor Penalty to Brendan Bell for Holding.
6:30 of 1st period - Cory Emmerton wins face-off versus Joe Thornton in Predators zone.
6:30 of 1st period - Snap shot by Patric Hornqvist.
6:30 of 1st period - Stopped by Kari Lehtonen with a rebound.
6:32 of 1st period - Slapshot by Branislav Mezei.
6:32 of 1st period - Shot Misses the Net.
6:34 of 1st period - Slapshot by Kevin Bieksa.
6:34 of 1st period - Stopped by Kari Lehtonen with a rebound.
6:59 of 1st period - Branislav Mezei is hit by Ryan Mcdonagh and loses puck.
7:30 of 1st period - Greg Zanon is hit by Vitali Yachmenev.
8:14 of 1st period - Alexander Ovechkin is hit by Marcus Nilson and loses puck.
8:29 of 1st period - Penalty to Brendan Bell is over, Brendan Bell is back on ice.
8:44 of 1st period - Icing by Chris Kelly.
8:45 of 1st period - Chris Kelly wins face-off versus Kris Vernarsky in Blue Jackets zone.
8:54 of 1st period - Wrist shot by Chris Kelly.
8:54 of 1st period - Deflect By Kris Vernarsky.
8:54 of 1st period - Shot Blocked by Alexander Steen.
8:54 of 1st period - Puck is out of play.
8:55 of 1st period - Jan Bulis wins face-off versus Joe Thornton in Predators zone.
9:08 of 1st period - Snap shot by Marcus Nilson.
9:08 of 1st period - Shot Misses the Net.
9:10 of 1st period - Wrist shot by Marcus Nilson.
9:10 of 1st period - Shot Misses the Net.
9:49 of 1st period - Snap shot by James Van Riemsdyk.
9:49 of 1st period - Stopped by Rick DiPietro with a rebound.
10:01 of 1st period - Minor Penalty to Vitali Yachmenev for Roughing.
10:02 of 1st period - Cory Emmerton wins face-off versus Joe Thornton in Predators zone.
10:12 of 1st period - Icing by Kevin Bieksa.
10:13 of 1st period - Cory Emmerton wins face-off versus Joe Thornton in Blue Jackets zone.
10:18 of 1st period - Wrist shot by Kevin Bieksa.
10:18 of 1st period - Stopped by Kari Lehtonen without a rebound.
10:19 of 1st period - Joe Thornton wins face-off versus Cory Emmerton in Predators zone.
10:34 of 1st period - Wrist shot by David Booth.
10:34 of 1st period - Stopped by Kari Lehtonen without a rebound.
10:35 of 1st period - Joe Thornton wins face-off versus Pavel Bure in Predators zone.
11:19 of 1st period - Wrist shot by Alexander Ovechkin.
11:19 of 1st period - Shot Blocked by Branislav Mezei.
11:21 of 1st period - Wrist shot by Josef Vasicek.
11:21 of 1st period - Shot Misses the Net.
12:01 of 1st period - Penalty to Vitali Yachmenev is over, Vitali Yachmenev is back on ice.
12:44 of 1st period - Snap shot by Jeff Taffe.
12:44 of 1st period - Deflect By Adam Deadmarsh.
12:44 of 1st period - Stopped by Kari Lehtonen with a rebound.
12:46 of 1st period - Slapshot by Mike Commodore.
12:46 of 1st period - Shot Blocked by Vaclav Varada.
12:56 of 1st period - Marcus Nilson is hit by Michael Grabner.
13:10 of 1st period - Michael Grabner is hit by François Beauchemin and loses puck.
13:30 of 1st period - Icing by James Van Riemsdyk.
13:31 of 1st period - Josef Vasicek wins face-off versus Jan Bulis in Predators zone.
13:43 of 1st period - Snap shot by Josef Vasicek.
13:43 of 1st period - Stopped by Rick DiPietro with a rebound.
13:45 of 1st period - Backhand shot by John Moore.
13:45 of 1st period - Shot Blocked by François Beauchemin.
13:47 of 1st period - Slapshot by John Moore.
13:47 of 1st period - Shot Blocked by Pavel Bure.
13:53 of 1st period - Snap shot by Vitali Yachmenev.
13:53 of 1st period - Goal by Vitali Yachmenev - Blue Jackets : 0 - Predators : 1.
13:54 of 1st period - Joe Thornton wins face-off versus Cory Emmerton in neutral zone.
14:07 of 1st period - Wrist shot by Branislav Mezei.
14:07 of 1st period - Stopped by Kari Lehtonen with a rebound.
14:17 of 1st period - Minor Penalty to Jan Bulis for Hooking.
14:18 of 1st period - Joe Thornton wins face-off versus David Booth in Blue Jackets zone.
14:21 of 1st period - Snap shot by Alexander Ovechkin.
14:21 of 1st period - Shot Blocked by Patric Hornqvist.
14:23 of 1st period - Wrist shot by Joe Thornton.
14:23 of 1st period - Goal by Joe Thornton - Blue Jackets : 0 - Predators : 2.
14:24 of 1st period - Joe Thornton wins face-off versus Cory Emmerton in neutral zone.
14:35 of 1st period - Wrist shot by Alexander Ovechkin.
14:35 of 1st period - Shot Blocked by Branislav Mezei.
14:49 of 1st period - Alexander Edler is hit by Pavel Bure and loses puck.
14:56 of 1st period - Snap shot by Marcus Nilson.
14:56 of 1st period - Shot Misses the Net.
15:09 of 1st period - Minor Penalty to Ramzi Abid for Hooking.
15:10 of 1st period - David Booth wins face-off versus Joe Thornton in Blue Jackets zone.
15:18 of 1st period - Minor Penalty to Barret Jackman for Interference.
15:19 of 1st period - Joe Thornton wins face-off versus David Booth in Predators zone.
15:19 of 1st period - Joe Thornton is hit by David Booth.
15:58 of 1st period - Wrist shot by Alexander Edler.
15:58 of 1st period - Shot Misses the Net.
16:32 of 1st period - Patric Hornqvist is hit by Brendan Bell and loses puck.
16:51 of 1st period - Branislav Mezei is hit by Alexander Steen and loses puck.
17:09 of 1st period - Penalty to Ramzi Abid is over, Ramzi Abid is back on ice.
17:16 of 1st period - Snap shot by Pavel Bure.
17:16 of 1st period - Goal by Pavel Bure - Blue Jackets : 1 - Predators : 2.
17:17 of 1st period - Jan Bulis wins face-off versus Kris Vernarsky in neutral zone.
17:54 of 1st period - Backhand shot by Joe Thornton.
17:54 of 1st period - Shot Misses the Net.
18:47 of 1st period - Snap shot by Brad Boyes.
18:47 of 1st period - Stopped by Rick DiPietro with a rebound.
18:49 of 1st period - Slapshot by Alexander Edler.
18:49 of 1st period - Stopped by Rick DiPietro with a rebound.
19:05 of 1st period - Jan Bulis is hit by Barret Jackman and loses puck.
Goals for this period are 1 for Blue Jackets vs 2 for Predators.
Shots for this period are 9 for Blue Jackets vs 9 for Predators.

2nd period


0:01 of 2nd period - Cory Emmerton wins face-off versus Alexander Ovechkin in neutral zone.
0:06 of 2nd period - Wrist shot by Patric Hornqvist.
0:06 of 2nd period - Stopped by Kari Lehtonen with a rebound.
0:26 of 2nd period - Alexander Steen is hit by Jan Bulis and loses puck.
0:31 of 2nd period - Wrist shot by Jan Bulis.
0:31 of 2nd period - Shot Misses the Net.
0:33 of 2nd period - Slapshot by Jan Bulis.
0:33 of 2nd period - Goal by Jan Bulis - Blue Jackets : 2 - Predators : 2.
0:34 of 2nd period - Joe Thornton wins face-off versus Cory Emmerton in neutral zone.
0:39 of 2nd period - Slapshot by Joe Thornton.
0:39 of 2nd period - Goal by Joe Thornton - Blue Jackets : 2 - Predators : 3.
0:40 of 2nd period - Joe Thornton wins face-off versus Cory Emmerton in neutral zone.
0:47 of 2nd period - Snap shot by Joe Thornton.
0:47 of 2nd period - Shot Misses the Net.
0:49 of 2nd period - Minor Penalty to Branislav Mezei for Tripping.
0:50 of 2nd period - David Booth wins face-off versus Joe Thornton in Blue Jackets zone.
1:01 of 2nd period - Kevin Bieksa is hit by Alexander Ovechkin and loses puck.
1:16 of 2nd period - David Booth is hit by Alexander Edler and loses puck.
2:16 of 2nd period - Slapshot by Kevin Bieksa.
2:16 of 2nd period - Shot Misses the Net.
2:49 of 2nd period - Penalty to Branislav Mezei is over, Branislav Mezei is back on ice.
2:56 of 2nd period - Jan Bulis is hit by Vitali Yachmenev and loses puck.
3:01 of 2nd period - Wrist shot by Josef Vasicek.
3:01 of 2nd period - Shot Misses the Net.
3:03 of 2nd period - Snap shot by Josef Vasicek.
3:03 of 2nd period - Stopped by Rick DiPietro with a rebound.
3:22 of 2nd period - François Beauchemin is hit by Oleg Saprykin and loses puck.
3:39 of 2nd period - Slapshot by David Booth.
3:39 of 2nd period - Stopped by Kari Lehtonen without a rebound.
3:40 of 2nd period - Josef Vasicek wins face-off versus Cory Emmerton in Predators zone.
4:21 of 2nd period - Snap shot by Jason Ward.
4:21 of 2nd period - Shot Misses the Net.
5:15 of 2nd period - Slapshot by Kris Vernarsky.
5:15 of 2nd period - Shot Blocked by Cory Emmerton.
5:17 of 2nd period - Snap shot by Alexander Steen.
5:17 of 2nd period - Shot Blocked by Mike Commodore.
5:25 of 2nd period - Snap shot by Alexander Steen.
5:25 of 2nd period - Stopped by Rick DiPietro with a rebound.
5:27 of 2nd period - Slapshot by Kris Vernarsky.
5:27 of 2nd period - Shot Misses the Net.
5:31 of 2nd period - Snap shot by Kris Vernarsky.
5:31 of 2nd period - Shot Blocked by Brad Stuart.
5:33 of 2nd period - Snap shot by Alexander Steen.
5:33 of 2nd period - Stopped by Rick DiPietro with a rebound.
5:35 of 2nd period - Slapshot by John Moore.
5:35 of 2nd period - Shot Blocked by Brad Stuart.
5:37 of 2nd period - Backhand shot by Kris Vernarsky.
5:37 of 2nd period - Stopped by Rick DiPietro with a rebound.
6:03 of 2nd period - Slapshot by Patric Hornqvist.
6:03 of 2nd period - Shot Misses the Net.
6:16 of 2nd period - Icing by Mike Commodore.
6:17 of 2nd period - Joe Thornton wins face-off versus Cory Emmerton in Blue Jackets zone.
6:50 of 2nd period - Snap shot by Jan Bulis.
6:50 of 2nd period - Stopped by Kari Lehtonen without a rebound.
6:51 of 2nd period - Joe Thornton wins face-off versus Jan Bulis in Predators zone.
6:51 of 2nd period - Joe Thornton is hit by Pavel Bure.
7:20 of 2nd period - Snap shot by Josef Vasicek.
7:20 of 2nd period - Goal by Josef Vasicek - Blue Jackets : 2 - Predators : 4.
7:20 of 2nd period - Mathieu Garon enters game.
7:21 of 2nd period - Jan Bulis wins face-off versus Joe Thornton in neutral zone.
7:34 of 2nd period - Marcus Nilson is hit by Ryan Mcdonagh and loses puck.
8:33 of 2nd period - Wrist shot by James Van Riemsdyk.
8:33 of 2nd period - Goal by James Van Riemsdyk - Blue Jackets : 2 - Predators : 5.
8:34 of 2nd period - Joe Thornton wins face-off versus Cory Emmerton in neutral zone.
8:37 of 2nd period - Slapshot by Alexander Edler.
8:37 of 2nd period - Deflect By Joe Thornton.
8:37 of 2nd period - Shot Misses the Net.
8:37 of 2nd period - Puck is out of play.
8:38 of 2nd period - Cory Emmerton wins face-off versus Joe Thornton in Blue Jackets zone.
8:38 of 2nd period - Cory Emmerton is hit by Alexander Ovechkin.
8:46 of 2nd period - Wrist shot by David Booth.
8:46 of 2nd period - Stopped by Kari Lehtonen without a rebound.
8:47 of 2nd period - Joe Thornton wins face-off versus Cory Emmerton in Predators zone.
9:02 of 2nd period - Wrist shot by Alexander Ovechkin.
9:02 of 2nd period - Stopped by Mathieu Garon with a rebound.
9:04 of 2nd period - Snap shot by Alexander Ovechkin.
9:04 of 2nd period - Stopped by Mathieu Garon with a rebound.
9:14 of 2nd period - Patric Hornqvist is hit by Vitali Yachmenev and loses puck.
9:47 of 2nd period - Wrist shot by Marcus Nilson.
9:47 of 2nd period - Shot Blocked by Alexander Steen.
10:05 of 2nd period - Snap shot by Kris Vernarsky.
10:05 of 2nd period - Stopped by Mathieu Garon with a rebound.
10:51 of 2nd period - François Beauchemin is hit by Vitali Yachmenev and loses puck.
11:03 of 2nd period - Off-side.
11:04 of 2nd period - Chris Kelly wins face-off versus Andy Miele in neutral zone.
11:13 of 2nd period - John Moore is hit by Jason Ward and loses puck.
11:36 of 2nd period - Wrist shot by Alexander Ovechkin.
11:36 of 2nd period - Goal by Alexander Ovechkin - Blue Jackets : 2 - Predators : 6.
11:37 of 2nd period - Jan Bulis wins face-off versus Joe Thornton in neutral zone.
11:39 of 2nd period - Minor Penalty to Pavel Bure for Roughing.
11:40 of 2nd period - David Booth wins face-off versus Joe Thornton in Blue Jackets zone.
11:40 of 2nd period - David Booth is hit by Michael Grabner.
11:57 of 2nd period - Wrist shot by Joe Thornton.
11:57 of 2nd period - Shot Misses the Net.
12:15 of 2nd period - Wrist shot by Brad Boyes.
12:15 of 2nd period - Shot Blocked by Marcus Nilson.
12:17 of 2nd period - Snap shot by Kris Vernarsky.
12:17 of 2nd period - Deflect By Kevin Bieksa.
12:17 of 2nd period - Goal by Kris Vernarsky - Blue Jackets : 2 - Predators : 7.
12:18 of 2nd period - Joe Thornton wins face-off versus Jan Bulis in neutral zone.
12:31 of 2nd period - Wrist shot by Alexander Ovechkin.
12:31 of 2nd period - Shot Blocked by Kevin Bieksa.
12:33 of 2nd period - Wrist shot by Joe Thornton.
12:33 of 2nd period - Stopped by Mathieu Garon without a rebound.
12:34 of 2nd period - Kris Vernarsky wins face-off versus Cory Emmerton in Blue Jackets zone.
13:08 of 2nd period - Slapshot by Jan Bulis.
13:08 of 2nd period - Stopped by Kari Lehtonen with a rebound.
13:10 of 2nd period - Snap shot by Marcus Nilson.
13:10 of 2nd period - Deflect By Jan Bulis.
13:10 of 2nd period - Shot Hit the Post.
13:10 of 2nd period - Puck is out of play.
13:11 of 2nd period - Kris Vernarsky wins face-off versus Jan Bulis in Predators zone.
13:36 of 2nd period - Michael Grabner is hit by Greg Zanon and loses puck.
13:41 of 2nd period - Slapshot by David Booth.
13:41 of 2nd period - Deflect By Patric Hornqvist.
13:41 of 2nd period - Stopped by Kari Lehtonen with a rebound.
13:43 of 2nd period - Wrist shot by Cory Emmerton.
13:43 of 2nd period - Stopped by Kari Lehtonen without a rebound.
13:44 of 2nd period - Joe Thornton wins face-off versus Patric Hornqvist in Predators zone.
14:38 of 2nd period - Slapshot by Alexander Edler.
14:38 of 2nd period - Shot Blocked by Kevin Bieksa.
16:14 of 2nd period - Andy Miele is hit by Mike Commodore and loses puck.
16:33 of 2nd period - Patric Hornqvist is hit by Ryan Mcdonagh and loses puck.
16:40 of 2nd period - Alexander Edler is hit by Patric Hornqvist and loses puck.
17:08 of 2nd period - Alexander Steen is hit by Kevin Bieksa and loses puck.
18:02 of 2nd period - David Booth is hit by Oleg Saprykin and loses puck.
18:20 of 2nd period - Snap shot by Vitali Yachmenev.
18:20 of 2nd period - Shot Misses the Net.
19:45 of 2nd period - Adam Deadmarsh is hit by Josef Vasicek.
19:49 of 2nd period - Jeff Taffe is hit by James Van Riemsdyk and loses puck.
Goals for this period are 1 for Blue Jackets vs 5 for Predators.
Shots for this period are 8 for Blue Jackets vs 13 for Predators.

3rd period


0:01 of 3rd period - Joe Thornton wins face-off versus Jan Bulis in neutral zone.
0:13 of 3rd period - Icing by Jan Bulis.
0:14 of 3rd period - Jan Bulis wins face-off versus Joe Thornton in Blue Jackets zone.
0:21 of 3rd period - Ryan Mcdonagh is hit by Kevin Bieksa and loses puck.
0:37 of 3rd period - Icing by Branislav Mezei.
0:38 of 3rd period - Kris Vernarsky wins face-off versus Cory Emmerton in Blue Jackets zone.
0:47 of 3rd period - Wrist shot by Kris Vernarsky.
0:47 of 3rd period - Stopped by Mathieu Garon without a rebound.
0:48 of 3rd period - Joe Thornton wins face-off versus David Booth in Blue Jackets zone.
1:09 of 3rd period - Minor Penalty to Joe Thornton for Hooking.
1:10 of 3rd period - Cory Emmerton wins face-off versus Vitali Yachmenev in Predators zone.
1:37 of 3rd period - Oleg Saprykin is hit by Pavel Bure.
1:41 of 3rd period - Wrist shot by Jan Bulis.
1:41 of 3rd period - Shot Misses the Net.
1:43 of 3rd period - Wrist shot by Marcus Nilson.
1:43 of 3rd period - Stopped by Kari Lehtonen without a rebound.
1:44 of 3rd period - Jan Bulis wins face-off versus Josef Vasicek in Predators zone.
1:49 of 3rd period - Slapshot by Marcus Nilson.
1:49 of 3rd period - Shot Blocked by John Moore.
1:51 of 3rd period - Snap shot by Pavel Bure.
1:51 of 3rd period - Stopped by Kari Lehtonen with a rebound.
1:53 of 3rd period - Snap shot by Marcus Nilson.
1:53 of 3rd period - Stopped by Kari Lehtonen with a rebound.
1:55 of 3rd period - Snap shot by Greg Zanon.
1:55 of 3rd period - Stopped by Kari Lehtonen without a rebound.
1:56 of 3rd period - Vitali Yachmenev wins face-off versus Cory Emmerton in Predators zone.
2:27 of 3rd period - Snap shot by Alexander Ovechkin.
2:27 of 3rd period - Stopped by Mathieu Garon without a rebound.
2:28 of 3rd period - Cory Emmerton wins face-off versus Vitali Yachmenev in Blue Jackets zone.
2:37 of 3rd period - Vitali Yachmenev is hit by Cory Emmerton and loses puck.
3:09 of 3rd period - Penalty to Joe Thornton is over, Joe Thornton is back on ice.
3:24 of 3rd period - Wrist shot by Chris Kelly.
3:24 of 3rd period - Stopped by Kari Lehtonen with a rebound.
3:26 of 3rd period - Wrist shot by François Beauchemin.
3:26 of 3rd period - Shot Blocked by Barret Jackman.
3:28 of 3rd period - Snap shot by Chris Kelly.
3:28 of 3rd period - Stopped by Kari Lehtonen with a rebound.
3:44 of 3rd period - Snap shot by Alexander Ovechkin.
3:44 of 3rd period - Shot Misses the Net.
3:46 of 3rd period - Slapshot by Brendan Bell.
3:46 of 3rd period - Stopped by Mathieu Garon without a rebound.
3:47 of 3rd period - Josef Vasicek wins face-off versus Cory Emmerton in Blue Jackets zone.
4:14 of 3rd period - Marcus Nilson is hit by Joe Thornton and loses puck.
4:39 of 3rd period - Slapshot by Adam Deadmarsh.
4:39 of 3rd period - Shot Hit the Post.
4:57 of 3rd period - Snap shot by Oleg Saprykin.
4:57 of 3rd period - Goal by Oleg Saprykin - Blue Jackets : 2 - Predators : 8.
4:57 of 3rd period - Rick DiPietro enters game.
4:58 of 3rd period - Joe Thornton wins face-off versus Cory Emmerton in neutral zone.
5:00 of 3rd period - Off-side.
5:01 of 3rd period - Joe Thornton wins face-off versus Cory Emmerton in neutral zone.
5:06 of 3rd period - Snap shot by Alexander Ovechkin.
5:06 of 3rd period - Deflect By Joe Thornton.
5:06 of 3rd period - Stopped by Rick DiPietro without a rebound.
5:07 of 3rd period - Michael Grabner wins face-off versus Cory Emmerton in Blue Jackets zone.
5:14 of 3rd period - Snap shot by Joe Thornton.
5:14 of 3rd period - Stopped by Rick DiPietro without a rebound.
5:15 of 3rd period - Jan Bulis wins face-off versus Joe Thornton in Blue Jackets zone.
5:15 of 3rd period - Jan Bulis is hit by Alexander Ovechkin.
5:31 of 3rd period - Off-side.
5:32 of 3rd period - Patric Hornqvist wins face-off versus Kris Vernarsky in neutral zone.
5:59 of 3rd period - Ryan Mcdonagh is hit by Pavel Bure.
6:25 of 3rd period - Barret Jackman is hit by Greg Zanon and loses puck.
6:44 of 3rd period - Brendan Bell is hit by François Beauchemin and loses puck.
8:13 of 3rd period - Oleg Saprykin is hit by Dave Steckel.
8:23 of 3rd period - Cory Emmerton is hit by John Moore and loses puck.
8:48 of 3rd period - Joe Thornton is hit by Chris Kelly and loses puck.
8:53 of 3rd period - Wrist shot by Jason Ward.
8:53 of 3rd period - Deflect By Ramzi Abid.
8:53 of 3rd period - Shot Misses the Net.
8:53 of 3rd period - Puck is out of play.
8:54 of 3rd period - Jan Bulis wins face-off versus Michael Grabner in Predators zone.
9:03 of 3rd period - Snap shot by Michael Grabner.
9:03 of 3rd period - Shot Blocked by Marcus Nilson.
9:05 of 3rd period - Snap shot by Alexander Ovechkin.
9:05 of 3rd period - Shot Blocked by Greg Zanon.
9:07 of 3rd period - Wrist shot by Michael Grabner.
9:07 of 3rd period - Stopped by Rick DiPietro with a rebound.
9:09 of 3rd period - Slapshot by Alexander Ovechkin.
9:09 of 3rd period - Stopped by Rick DiPietro with a rebound.
9:25 of 3rd period - Snap shot by Kris Vernarsky.
9:25 of 3rd period - Stopped by Rick DiPietro without a rebound.
9:26 of 3rd period - Cory Emmerton wins face-off versus Brad Boyes in Blue Jackets zone.
10:12 of 3rd period - James Van Riemsdyk is hit by Branislav Mezei and loses puck.
10:17 of 3rd period - Wrist shot by Ramzi Abid.
10:17 of 3rd period - Stopped by Kari Lehtonen without a rebound.
10:18 of 3rd period - Chris Kelly wins face-off versus Kris Vernarsky in Predators zone.
10:19 of 3rd period - Wrist shot by Ramzi Abid.
10:19 of 3rd period - Stopped by Kari Lehtonen without a rebound.
10:20 of 3rd period - Kris Vernarsky wins face-off versus Cory Emmerton in Predators zone.
10:27 of 3rd period - Snap shot by Cory Emmerton.
10:27 of 3rd period - Stopped by Kari Lehtonen with a rebound.
10:29 of 3rd period - Wrist shot by Patric Hornqvist.
10:29 of 3rd period - Stopped by Kari Lehtonen without a rebound.
10:30 of 3rd period - David Booth wins face-off versus Joe Thornton in Predators zone.
11:03 of 3rd period - Wrist shot by Patric Hornqvist.
11:03 of 3rd period - Shot Misses the Net.
11:15 of 3rd period - Snap shot by David Booth.
11:15 of 3rd period - Stopped by Kari Lehtonen with a rebound.
11:47 of 3rd period - Snap shot by Alexander Ovechkin.
11:47 of 3rd period - Deflect By Joe Thornton.
11:47 of 3rd period - Shot Misses the Net.
11:47 of 3rd period - Puck is out of play.
11:48 of 3rd period - Jan Bulis wins face-off versus Kris Vernarsky in Blue Jackets zone.
12:13 of 3rd period - Brendan Bell is hit by Chris Kelly and loses puck.
12:18 of 3rd period - Wrist shot by Chris Kelly.
12:18 of 3rd period - Shot Misses the Net.
12:56 of 3rd period - Adam Almquist is hit by Greg Zanon and loses puck.
13:23 of 3rd period - Brad Stuart is hit by Andy Miele and loses puck.
13:53 of 3rd period - Branislav Mezei is hit by Alexander Ovechkin and loses puck.
14:04 of 3rd period - Marcus Nilson is hit by Andy Miele and loses puck.
14:31 of 3rd period - Vitali Yachmenev is hit by Jason Ward and loses puck.
15:21 of 3rd period - Jason Ward is hit by Alexander Ovechkin and loses puck.
15:41 of 3rd period - Barret Jackman is hit by Jeff Taffe and loses puck.
15:54 of 3rd period - Slapshot by Alexander Steen.
15:54 of 3rd period - Stopped by Rick DiPietro with a rebound.
15:56 of 3rd period - Slapshot by Brad Boyes.
15:56 of 3rd period - Deflect By Alexander Steen.
15:56 of 3rd period - Shot Misses the Net.
15:56 of 3rd period - Puck is out of play.
15:57 of 3rd period - Kris Vernarsky wins face-off versus Jan Bulis in Blue Jackets zone.
16:19 of 3rd period - Icing by John Moore.
16:20 of 3rd period - Joe Thornton wins face-off versus Cory Emmerton in Predators zone.
16:20 of 3rd period - Joe Thornton is hit by Patric Hornqvist.
16:27 of 3rd period - Minor Penalty to Kevin Bieksa for High sticking.
16:28 of 3rd period - David Booth wins face-off versus Joe Thornton in Blue Jackets zone.
16:28 of 3rd period - David Booth is hit by Alexander Ovechkin.
18:27 of 3rd period - Penalty to Kevin Bieksa is over, Kevin Bieksa is back on ice.
18:40 of 3rd period - Slapshot by Josef Vasicek.
18:40 of 3rd period - Stopped by Rick DiPietro without a rebound.
18:41 of 3rd period - Chris Kelly wins face-off versus Josef Vasicek in Blue Jackets zone.
18:50 of 3rd period - Wrist shot by Jason Ward.
18:50 of 3rd period - Stopped by Kari Lehtonen without a rebound.
18:51 of 3rd period - Chris Kelly wins face-off versus Josef Vasicek in Predators zone.
18:52 of 3rd period - Snap shot by Ramzi Abid.
18:52 of 3rd period - Deflect By Jason Ward.
18:52 of 3rd period - Stopped by Kari Lehtonen without a rebound.
18:53 of 3rd period - Joe Thornton wins face-off versus Jan Bulis in Predators zone.
19:24 of 3rd period - Off-side.
19:25 of 3rd period - Jan Bulis wins face-off versus Joe Thornton in neutral zone.
19:35 of 3rd period - Off-side.
19:36 of 3rd period - Cory Emmerton wins face-off versus Joe Thornton in neutral zone.
19:38 of 3rd period - Minor Penalty to David Booth for Hooking.
19:39 of 3rd period - Joe Thornton wins face-off versus Dave Steckel in Blue Jackets zone.
19:39 of 3rd period - Slapshot by Alexander Edler.
19:39 of 3rd period - Stopped by Rick DiPietro without a rebound.
19:40 of 3rd period - Joe Thornton wins face-off versus Dave Steckel in Blue Jackets zone.
19:49 of 3rd period - Slapshot by Alexander Ovechkin.
19:49 of 3rd period - Shot Blocked by Patric Hornqvist.
19:51 of 3rd period - Snap shot by Ryan Mcdonagh.
19:51 of 3rd period - Deflect By Michael Grabner.
19:51 of 3rd period - Shot Blocked by Dave Steckel.
19:51 of 3rd period - Puck is out of play.
19:52 of 3rd period - Joe Thornton wins face-off versus Dave Steckel in Blue Jackets zone.
Goals for this period are 0 for Blue Jackets vs 1 for Predators.
Shots for this period are 13 for Blue Jackets vs 12 for Predators.


Output by the SimonT Hockey Simulator (STHS) for François Prévost -- Original Page W3C XHTML 1.0 Valid
Hockey Simulator - Hockey Simulation - Hockey Manager